 Dungeon Crawl Stone Soup version 0.30-a0-802-gb92711bcdf (webtiles) character file.

Game seed: 12489975460173200091

143 IdlyInterested the Slasher (level 5, -2/36 HPs)
             Began as an Octopode Monk on Feb 24, 2023.
             Slain by a river rat (6 damage)
             ... in a sewer.
             The game lasted 00:06:04 (2368 turns).

IdlyInterested the Slasher (Octopode Monk)          Turns: 2368, Time: 00:06:04

Health: -2/36      AC:  1    Str:  8 (10) XL:     5   Next: 25%
Magic:  5/5        EV: 14    Int: 11 (12) God:
Gold:   4          SH:  0    Dex: 15 (17) Spells: 4/4 levels left

rFire   . . .      SeeInvis .    f - +2 short sword (venom)
rCold   . . .      Faith    .    (no shield)
rNeg    . . .      Spirit   .    (helmet restricted)
rPois   .          Reflect  .    (no amulet)
rElec   .          Harm     .    (no ring)
rCorr   .          Rampage  .    (no ring)
Will    .....                    (no ring)
Stlth   ++++                     (no ring)
HPRegen 0.26/turn                (no ring)
MPRegen 0.09/turn                (no ring)
                                 (no ring)
                                 (no ring)

@: no status effects
A: almost no armour, amphibious, 8 rings, camouflage 1, gelatinous body 1,
nimble swimmer 1, tentacles
a: no special abilities


You were in a sewer.
You visited 1 branch of the dungeon, and saw 3 of its levels.
You also visited: Sewer.

You collected 50 gold pieces.
You spent 46 gold pieces at shops.

Inventory:

Hand Weapons
 a - a +0 falchion
 f - a +2 short sword of venom (weapon)
 m - a +0 long sword
Scrolls
 c - a scroll of poison {unknown}
 e - 5 scrolls of teleportation {unknown}
 h - 4 scrolls of identify {unknown}
 l - a scroll of fog {unknown}
 n - 2 scrolls of enchant armour {unknown}
 o - a scroll of amnesia {unknown}
 p - a scroll of noise {unknown}
Potions
 b - a potion of ambrosia
 d - 5 potions of flight


   Skills:
 - Level 3.0 Fighting
 * Level 4.6 Long Blades
 - Level 1.0 Throwing
 + Level 3.8 Dodging
 - Level 2.6 Stealth
 + Level 0.4 Shields
 - Level 1.0 Unarmed Combat
 - Level 1.0 Evocations


You had 4 spell levels left.
You didn't know any spells.
Your spell library contained the following spells:

 Spells                   Type           Power      Damage    Failure   Level
 Scorch                   Fire           0%         2d5       47%         2
 Flame Wave               Conj/Fire      0%         2d4       98%         4
 Summon Cactus Giant      Summ           0%         N/A       100%        6


Dungeon Overview and Level Annotations

Branches:
Dungeon (3/15)              Sewer (1/1)

Altars:

Shops:
D:1 *


Innate Abilities, Weirdness & Mutations

You cannot wear most types of armour.
You are amphibious.
You can wear up to eight rings at the same time.
Your skin changes colour to match your surroundings (Stealth+).
Your rubbery body absorbs attacks. (AC +1, EV +1)
You are camouflaged when in or above water. (Stealth+)
You have tentacles for arms and can constrict up to eight enemies at once.


Message History

The river rat closely misses you. The river rat barely misses you. x2
You hit the river rat.
The river rat is almost dead.
You constrict the river rat.
You kill the river rat!
The river rat barely misses you. The river rat bites you.
The river rat misses you. The river rat attacks as you move away!
The river rat barely misses you.
You enter the shallow water.
The river rat attacks as you move away! The river rat barely misses you.
You enter the shallow water.
The river rat attacks as you move away! The river rat barely misses you.
The river rat attacks as you move away! The river rat barely misses you.
The river rat twitches its whiskers.
The river rat attacks as you move away! The river rat bites you!
You hit the river rat.
The river rat is poisoned.
You grab the river rat.
The river rat is lightly wounded.
You constrict the river rat. The river rat bites you.
* * * LOW HITPOINT WARNING * * *
It was a potion of degeneration.
There was something very wrong with that liquid.
You feel weakened.
You feel dopey.
You feel clumsy.
You constrict the river rat. The river rat barely misses you.
The river rat misses you.
It was a potion of magic.
Magic courses through your body.
You constrict the river rat, but do no damage.
The river rat bites you.
* * * LOW HITPOINT WARNING * * *
It was a potion of curing.
You feel better.
You constrict the river rat.
You kill the river rat!
The river rat completely misses you. The river rat closely misses you.
You hit the river rat.
The river rat is poisoned.
You grab the river rat.
The river rat is moderately wounded.
You constrict the river rat, but do no damage.
The river rat closely misses you. The river rat bites you.
* * * LOW HITPOINT WARNING * * *
It was a potion of lignification.
You feel woody for a moment.
You constrict the river rat, but do no damage.
The river rat closely misses you. The river rat bites you.
You die...

##############################
~~.~~~~~~~~.~~.~~~≈≈≈≈≈≈≈≈≈≈≈#
≈≈≈≈≈≈≈≈≈≈≈≈≈≈≈≈≈.≈≈≈≈≈≈≈≈≈≈≈#
~.~~~~~~~~....~~≈~≈≈†≈≈≈≈≈≈≈≈#
###############~≈~############
###### #r@~# #.... #~†r#
+#####'†#####~≈~#
..........~.~~~~#
.......†..~~~~~.#
+#####'†#####~≈~# #....# #~≈.#
###### #~≈.# #######
###############~≈~###.....###


You could see 2 river rats.

Vanquished Creatures
  5 adders (Sewer)
  2 river rats (Sewer)
  3 worms (Sewer)
  A dart slug (D:1)
  3 endoplasms
  6 giant cockroaches
  3 goblins
  3 hobgoblins (D:1)
  3 jackals (Sewer)
  4 kobolds
  7 quokkas
  10 ball pythons
  11 bats
  3 frilled lizards
  4 rats
68 creatures vanquished.

Notes
Turn   | Place    | Note
-------+----------+-------------------------------------------
     0 | D:1      | IdlyInterested the Octopode Monk began the quest for the
                  | Orb.
     0 | D:1      | Reached XP level 1. HP: 16/16 MP: 1/1
   163 | D:1      | Reached XP level 2. HP: 21/21 MP: 2/2
   433 | D:1      | HP: 1/21 [poisoned by a kobold]
   556 | D:1      | Found Zurhuoru's Assorted Antiques.
   671 | D:1      | Reached skill level 1 in Unarmed Combat
   752 | D:1      | Reached XP level 3. HP: 26/26 MP: 3/3
  1026 | D:1      | Bought a scroll labelled ZOOMYI YWARA for 23 gold pieces
  1840 | D:1      | Bought a scroll labelled WEXKUMP YTUGI for 23 gold pieces
  1916 | D:3      | Found a glowing drain.
  1947 | Sewer    | Entered a sewer
  1959 | Sewer    | Reached skill level 1 in Evocations
  2024 | Sewer    | Reached XP level 4. HP: 31/31 MP: 4/4
  2039 | Sewer    | Reached skill level 4 in Long Blades
  2338 | Sewer    | Reached skill level 1 in Throwing
  2338 | Sewer    | Reached XP level 5. HP: 36/36 MP: 5/5
  2368 | Sewer    | Slain by a river rat

Illustrated notes

Levels and vault maps discovered:
D:1:      giann_forest_graveyard, layout_basic, serial_shops,
          nicolae_shop_statue_plus, grunt_decor_arrowhead
D:2:      layout_rooms, kennysheep_boxes
D:3:      layout_basic, ashenzari_altar_1, nicolae_dithmenos_the_darkroom,
          mainiacjoe_overflow_surrounded_room, nicolae_overflow_hidden_temple,
          portal_sewer_entry_f, serial_corexii_hall,
          chequers_hall_statues_corner_a, corexii_hall_statues_x
Sewer:    sewer_fruit_machine

Skill      XL: |  1  2  3  4 |
---------------+-------------+-----
Unarmed Combat | 1 |  1.0
Evocations     | 1 |  1.0
Long Blades    | 4 |  4.6
Throwing       | 1 |  1.0
Fighting       | |  3.0
Dodging        | |  3.8
Stealth        | |  2.6
Shields        | |  0.4

Action                     |  1- 3 |  4- 6 || total
---------------------------+-------+-------++-------
  Melee: Falchion          |    23 |       ||    23
         Tentacles         |    12 |     7 ||    19
         Constrict         |    18 |    14 ||    32
         Short sword       |    46 |    51 ||    97
         Punch             |     3 |     3 ||     6
    Use: Potion            |       |     4 ||     4
   Stab: Sleeping          |    14 |     8 ||    22
 Armour: Skin              |     3 |     4 ||     7
  Dodge: Dodged            |    36 |    47 ||    83

Table legend: (Time is in decaauts)
 A = Elapsed time spent in this place.
 B = Non-inter-level travel time spent in this place.
 C = Inter-level travel time spent in this place.
 D = Time resting spent in this place.
 E = Time spent auto-exploring this place.
 F = Levels seen in this place.
 G = Mean time per level.
                   A        B        C        D        E       F      G
               +--------+--------+--------+--------+--------+-----+--------+
         Total |   2360 |   1888 |    472 |    124 |   1070 |   4 |  590.0 |
       Dungeon |   1947 |   1475 |    472 |     84 |    964 |   3 |  649.0 |
         Sewer |    413 |    413 |      0 |     40 |    106 |   1 |  413.0 |
               +--------+--------+--------+--------+--------+-----+--------+

Top non-repeatable levels by time:
     D:1: 1365 daAuts
     D:2: 495 daAuts
   Sewer: 413 daAuts
     D:3: 86 daAuts
